 Dungeon Crawl Stone Soup version 0.24.0-2-g5b39cebb1c (webtiles) character file.

Game seed: 16755184516338767509, levelgen mode: deterministic

543 ventricule the Slasher (level 7, -1/57 HPs)
             Began as a Red Draconian Berserker on Oct 30, 2019.
             Was a Priest of Trog.
             Slain by a troll (13 damage)
             ... on level 5 of the Dungeon.
             The game lasted 00:05:05 (3850 turns).

ventricule the Slasher (Red Draconian Berserker)    Turns: 3850, Time: 00:05:05

Health: -1/57      AC:  7    Str: 22    XL:     7   Next: 6%
Magic:  7/7        EV: 12    Int:  7    God:    Trog [***...]
Gold:   265        SH:  4    Dex: 10    Spells: 6/6 levels left

rFire    + . .     SeeInvis .   a - +0 falchion
rCold    . . .     Gourm    .   b - +0 buckler
rNeg     . . .     Faith    .   (armour unavailable)
rPois    .         Spirit   .   (helmet restricted)
rElec    .         Reflect  .   o - +0 cloak
rCorr    .         Harm     .   n - -1 pair of gloves (curse)
MR       .....                  (no boots)
Stlth    +.........             (no amulet)
HPRegen  0.19/turn              (no ring)
MPRegen  0.10/turn              (no ring)

@: no status effects
A: breathe fire, unfitting armour, fire resistance 1, cold-blooded, AC +6
a: Breathe Fire, Berserk, Trog's Hand, Renounce Religion


You were on level 5 of the Dungeon.
You worshipped Trog.
Trog was most pleased with you.
You were hungry.

You visited 1 branch of the dungeon, and saw 5 of its levels.
You also visited: Sewer.

You collected 265 gold pieces.

Inventory:

Hand Weapons
 a - a +0 falchion (weapon)
Missiles
 Q - 125 stones (quivered)
Armour
 b - a +0 buckler (worn)
 j - a +0 pair of gloves
 n - a cursed -1 pair of gloves (worn)
 o - a +0 cloak (worn)
Jewellery
 q - an uncursed amulet of the acrobat {unknown}
Wands
 c - a wand of flame (15)
Scrolls
 i - 3 scrolls of identify
 k - a scroll of enchant weapon {unknown}
Potions
 d - 2 potions of curing {unknown}
 f - a potion of agility {unknown}
 g - 2 potions of heal wounds {unknown}
 h - a potion of brilliance
 l - 2 potions of berserk rage {unknown}
 m - a potion of might {unknown}
 p - a potion of lignification {unknown}
Comestibles
 e - 5 rations


   Skills:
 - Level 3.2 Fighting
 + Level 6.9 Long Blades
 - Level 2.6 Dodging
 - Level 4.0 Shields


You had 6 spell levels left.
You didn't know any spells.
Your spell library was empty.

Dungeon Overview and Level Annotations

Branches:
Dungeon (5/15)             Temple (0/1) D:4           Sewer (visited)

Altars:
Ashenzari
Okawaru
Uskayaw
Zin


Innate Abilities, Weirdness & Mutations

You can breathe blasts of fire.
Your fiery red scales are hard. (AC +6)
You cannot fit into any form of body armour.
Your flesh is heat resistant. (rF+)
You are cold-blooded and may be slowed by cold attacks.


Message History

The troll claws you!
You take 9 damage, and have 48/57 hp.
You hit the troll. The troll bites you. The troll claws you. x2
You take 8 damage, and have 40/57 hp.
You barely miss the troll. The troll closely misses you.
The troll claws you. x2
* * * LOW HITPOINT WARNING * * *
You take 6 damage, and have 34/57 hp.
You closely miss the troll. You tail-slap the troll.
The troll bites you but does no damage. The troll claws you!
* * * LOW HITPOINT WARNING * * *
The troll closely misses you.
You slash the troll! The troll bites you.
* * * LOW HITPOINT WARNING * * *
The troll barely misses you. The troll claws you.
* * * LOW HITPOINT WARNING * * *
You hit the troll but do no damage. You block the troll's attack.
The troll claws you.
* * * LOW HITPOINT WARNING * * *
The troll claws you!
You die...

...## ##.## #.# ....#
#.# #.# ...## #.# #.#
#.## ##+## #.# #.#
##...## #.. #.#
##.....## #.#
..#####.......## ..##
.....#.........####.....
>....'.........'@T......
..##.#.........####.....
..##.##.......## ...
####.###.....## . #.#
##...## ..# ##'## ###
#.# #.# ..#


You could see a troll.

Levels and vault maps discovered:
D:1:      saegor_arrival_fortress, layout_basic, hex_intersection,
          minmay_lizard_king
D:2:      layout_loops_cross
D:3:      layout_rooms, grunt_temple_overflow_open,
          cheibrodos_sewer_entry_sluice, okawaru_metal_pillars_1_2
D:4:      layout_loops_corners, dancing_weapons_uskayaw,
          minmay_temple_entry_overgrown, first_ration
D:5:      layout_loops_corners, nicolae_overflow_hidden_temple, led_sif_book

Notes
Turn   | Place    | Note
-------+----------+-------------------------------------------
     0 | D:1      | ventricule the Draconian Berserker began the quest for the
                  | Orb.
     0 | D:1      | Reached XP level 1. HP: 19/19 MP: 1/1
    28 | D:1      | Identified a +0 buckler (You found it on level 1 of the
                  | Dungeon)
   104 | D:1      | Identified a +0 club
   114 | D:1      | Reached XP level 2. HP: 24/26 MP: 2/2
   216 | D:1      | Reached skill level 1 in Shields
   329 | D:1      | Identified a +0 dagger
   342 | D:1      | Reached XP level 3. HP: 30/31 MP: 3/3
   348 | D:1      | Identified a +0 club
   395 | D:1      | Identified a +0 short sword
   404 | D:1      | Reached ** piety under Trog
   735 | D:1      | Identified a +0 short sword
   738 | D:1      | Reached skill level 4 in Long Blades
   743 | D:1      | Reached skill level 2 in Shields
   986 | D:2      | Identified a +0 club
  1002 | D:2      | Identified a +0 dagger
  1011 | D:2      | Identified a +0 short sword
  1089 | D:2      | Reached XP level 4. HP: 38/38 MP: 4/4
  1096 | D:2      | You fall into a shaft and drop 2 floors!
  1102 | D:4      | HP: 14/57 [acid (3)]
  1382 | D:3      | Identified a scroll of magic mapping
  1383 | D:3      | Identified a scroll of remove curse
  1384 | D:3      | Identified a scroll of amnesia
  1393 | D:3      | Found a glowing drain.
  1408 | D:3      | Identified a cursed -1 pair of gloves (You found it on
                  | level 3 of the Dungeon)
  1438 | Sewer    | Entered a sewer
  1551 | Sewer    | Noticed a crocodile
  1558 | Sewer    | Killed a crocodile
  1558 | Sewer    | Reached skill level 3 in Shields
  1558 | Sewer    | Reached XP level 5. HP: 45/45 MP: 5/5
  1604 | Sewer    | Identified a scroll of fog
  1605 | Sewer    | Identified a scroll of identify
  1605 | Sewer    | Identified a potion of brilliance
  1653 | D:3      | Reached skill level 5 in Long Blades
  1681 | D:3      | Identified a +0 club
  1724 | D:3      | Identified a +0 club
  1753 | D:3      | Identified a +0 cloak (You found it on level 3 of the
                  | Dungeon)
  1833 | D:3      | Identified a +0 club
  1855 | D:3      | Reached XP level 6. HP: 28/51 MP: 6/6
  2067 | D:3      | Found an iron altar of Okawaru.
  2077 | D:3      | Reached skill level 4 in Shields
  2204 | D:3      | Found a shattered altar of Ashenzari.
  2204 | D:3      | Found a glowing silver altar of Zin.
  2204 | D:3      | Identified a +0 short sword
  2325 | D:4      | Reached *** piety under Trog
  2342 | D:4      | Identified a cursed +0 whip
  2349 | D:4      | Identified a +0 leather armour
  2349 | D:4      | Identified a cursed -3 club
  2349 | D:4      | Identified a +0 leather armour
  2350 | D:4      | Identified a +0 dagger
  2350 | D:4      | Identified a +0 robe
  2351 | D:4      | Identified a +0 club
  2351 | D:4      | Identified a +0 leather armour
  2388 | D:4      | Reached skill level 6 in Long Blades
  2701 | D:4      | Found a staircase to the Ecumenical Temple.
  3033 | D:4      | Identified a +0 dagger
  3033 | D:4      | Noticed a +0 dagger
  3038 | D:4      | Identified a +0 hand axe
  3038 | D:4      | Noticed a +0 hand axe
  3039 | D:4      | Found a hide-covered altar of Uskayaw.
  3163 | D:4      | HP: 12/51 [poisoned by a worker ant]
  3168 | D:4      | HP: 8/51 [poisoned by a worker ant]
  3175 | D:4      | HP: 6/51 [poisoned by a worker ant]
  3180 | D:4      | HP: 5/51 [poisoned by a worker ant]
  3575 | D:5      | Entered Level 5 of the Dungeon
  3626 | D:5      | Your scales start taking on a fiery red colour.
  3626 | D:5      | Reached XP level 7. HP: 51/57 MP: 7/7
  3626 | D:5      | Gained mutation: Your flesh is heat resistant. (rF+) [Red
                  | Draconian growth]
  3839 | D:5      | Noticed a troll
  3850 | D:5      | HP: 12/57 [troll (6)]
  3850 | D:5      | Slain by a troll

Table legend:
 A = Turns spent in this place as a percentage of turns spent in the entire game.
 B = Non-inter-level travel turns spent in this place as a percentage of non-inter-level travel turns spent in the entire game.
 C = Inter-level travel turns spent in this place as a percentage of turns spent in this place.
 D = Turns resting spent in this place as a percentage of non-inter-level travel turns spent in this place.
 E = Turns spent auto-exploring this place as a percentage of non-inter-level travel turns spent in this place.
 F = Non-inter-level travel turns spent in this place divided by the number of levels of this place that you've seen.
                   A       B       C       D       E      F
               +-------+-------+-------+-------+-------+----------------------
         Total | 100.0 | 100.0 |   1.1 |  38.2 |  46.3 | 634.3
       Dungeon |  94.8 |  94.8 |   1.2 |  37.8 |  47.4 | 721.4
         Sewer |   5.2 |   5.2 |   0.0 |  46.2 |  26.6 | 199.0
               +-------+-------+-------+-------+-------+----------------------

Table legend:
 A = Kills in this place as a percentage of kills in entire the game.
 B = Kills by you in this place as a percentage of kills by you in the entire game.
 C = Kills by friends in this place as a percentage of kills by friends in the entire game.
 D = Other kills in this place as a percentage of other kills in the entire game.
 E = Experience gained in this place as a percentage of experience gained in the entire game.
 F = Experience gained in this place divided by the number of levels of this place that you have seen.
                   A       B       C       D       E      F
               +-------+-------+-------+-------+-------+----------------------
         Total | 100.0 | 100.0 |   N/A |   N/A | 100.0 | 129.5
       Dungeon |  93.2 |  93.2 |   N/A |   N/A |  85.8 | 133.4
         Sewer |   6.8 |   6.8 |   N/A |   N/A |  14.2 | 110.0
               +-------+-------+-------+-------+-------+----------------------

Skill      XL: |  1  2  3  4  5  6 |
---------------+-------------------+-----
Shields        | 1 2 3 4 |  4.0
Long Blades    | 4 5 6 |  6.9
Fighting       | |  3.2
Dodging        | |  2.6

Action                   |  1- 3 |  4- 6 |  7- 9 || total
-------------------------+-------+-------+-------++-------
Melee: Falchion          |    99 |   163 |    17 ||   279
       Tailslap          |    11 |    24 |     5 ||    40
Invok: Berserk           |       |     7 |       ||     7
Evoke: Wand              |       |     8 |       ||     8
  Use: Scroll            |       |     5 |       ||     5
  Eat: Chunk             |     1 |    10 |     1 ||    12
       Ration            |       |     1 |       ||     1
Armor: Skin              |    29 |    48 |     5 ||    82
Dodge: Dodged            |    62 |   111 |    12 ||   185
Block: Buckler           |    16 |    39 |     2 ||    57
       Rpst.: Falchion   |    17 |    35 |     2 ||    54

Vanquished Creatures
  A phantom (D:4)
  A crocodile (Sewer)
  A jelly (D:4)
  A hound (D:4)
  A bullfrog skeleton (D:3)
  An iguana (D:4)
  An orc wizard (D:4)
  3 worker ants
  7 adders
  A river rat (D:3)
  2 oozes (D:1)
  An adder zombie (D:1)
  An adder skeleton (D:5)
  A worm (D:3)
  4 dart slugs
  2 leopard geckos (D:1)
  5 orcs
  12 bats
  A bat zombie (D:1)
  A giant cockroach (D:3)
  4 goblins
  6 hobgoblins
  2 ball pythons (D:1)
  A ball python skeleton (D:5)
  15 frilled lizards
  7 kobolds
  A quokka skeleton (D:4)
  4 rats
88 creatures vanquished.
